[Event "Torneo Benidorm Gran Hotel Bali 2022"]
[Site "Benidorm, Spain"]
[Date "2022.12.06"]
[Round "5.8"]
[White "Tscharotschkin, Michael"]
[Black "Aditya, Varun Gampa"]
[Result "1/2-1/2"]
[ECO "B22"]
[WhiteElo "2137"]
[BlackElo "2249"]
[PlyCount "143"]
[EventDate "2022.12.03"]
[EventType "swiss"]
[EventRounds "9"]
[SourceTitle "Ajedrez en Madrid"]
[Source "lmi"]
[SourceDate "2022.12.03"]
[SourceVersion "1"]
[SourceVersionDate "2022.12.10"]
[SourceQuality "1"]
[TimeControl "90+30"]
[WhiteClock "0:12:13"]
[BlackClock "0:12:39"]

1. e4 c5 2. c3 d5 3. exd5 Qxd5 4. d4 e6 5. Nf3 Nf6 6. Na3 Qd8 7. Nc2 Be7 8. Bg5 O-O 9. Bd3 Nbd7 10. O-O b6 11. Ne5 Bb7 12. Qe2 cxd4 13. Nxd7 Qxd7 14. Nxd4 Qd5 15. Nf3 h6 16. Bxf6 Bxf6 17. Rfe1 Rfd8 18. Be4 Qxe4 19. Qxe4 Bxe4 20. Rxe4 Rd5 21. Kf1 Rad8 22. Rc1 Rb5 23. Rc2 a5 24. a4 Rc5 25. Rd2 Rdc8 26. Rd6 b5 27. Ra6 bxa4 28. Rxa4 Rb5 29. Ra2 Rcb8 30. Nd4 Rxb2 31. R6xa5 Rb1+ 32. Ke2 Rc1 33. Ra8 Rxa8 34. Rxa8+ Kh7 35. Ra3 Kg6 36. g3 e5 37. Nf3 Kf5 38. h3 Rc2+ 39. Ke1 Ke4 40. Nd2+ Kd3 41. c4+ Kd4 42. Ra7 e4 43. Rd7+ Ke5 44. Rd5+ Ke6 45. Nxe4 Rxc4 46. Nxf6 Kxf6 47. h4 Rc2 48. Ra5 Rb2 49. Kf1 Rb1+ 50. Kg2 Re1 51. Kf3 Re5 52. Ra6+ Ke7 53. Rb6 f6 54. Rb7+ Kf8 55. g4 h5 56. Kg3 hxg4 57. Kxg4 Kg8 58. Rb4 Kh7 59. Kg3 Kg6 60. Ra4 Re1 61. Rb4 Kh5 62. Rb5+ Kg6 63. Rb4 Rg1+ 64. Kh2 Rf1 65. Kg2 Ra1 66. Kg3 Ra3+ 67. Kg2 Kh5 68. Rb7 g6 69. Rb4 f5 70. Rc4 Ra1 71. Rb4 Re1 72. Ra4 1/2-1/2

[Event "Torneo Benidorm Gran Hotel Bali 2022"]
[Site "Benidorm, Spain"]
[Date "2022.12.06"]
[Round "5.9"]
[White "Granero Roca, Antonio"]
[Black "Schaffert, Walter"]
[Result "1-0"]
[ECO "E90"]
[WhiteElo "2345"]
[BlackElo "2037"]
[PlyCount "71"]
[EventDate "2022.12.03"]
[EventType "swiss"]
[EventRounds "9"]
[SourceTitle "Ajedrez en Madrid"]
[Source "lmi"]
[SourceDate "2022.12.03"]
[SourceVersion "1"]
[SourceVersionDate "2022.12.10"]
[SourceQuality "1"]
[TimeControl "90+30"]
[WhiteClock "0:22:50"]
[BlackClock "0:01:06"]

1. d4 Nf6 2. c4 g6 3. Nc3 Bg7 4. e4 O-O 5. h3 d6 6. Nf3 e5 7. d5 a5 8. Be3 Na6 9. g4 Bd7 10. Be2 Nc5 11. Nd2 a4 12. g5 Ne8 13. Qc2 c6 14. h4 Qa5 15. Rb1 f5 16. f3 Qd8 17. b4 axb3 18. Nxb3 Nxb3 19. Rxb3 cxd5 20. cxd5 Qc8 21. Qb2 fxe4 22. Nxe4 Rf7 23. Kf2 Bg4 24. Bb6 Qf5 25. Kg2 Ra4 26. Ng3 Qd7 27. fxg4 Nc7 28. Qd2 Rff4 29. Rc1 Na6 30. Qc2 Nc5 31. Bxc5 dxc5 32. Qxc5 Bf8 33. d6 Rxa2 34. Qd5+ Rf7 35. Kh3 Qxd6 36. Bc4 1-0

[Event "Torneo Benidorm Gran Hotel Bali 2022"]
[Site "Benidorm, Spain"]
[Date "2022.12.06"]
[Round "5.10"]
[White "Shaik, Sumer Arsh"]
[Black "Lacrosse, Marc"]
[Result "1/2-1/2"]
[ECO "D36"]
[WhiteElo "2290"]
[BlackElo "2043"]
[PlyCount "101"]
[EventDate "2022.12.03"]
[EventType "swiss"]
[EventRounds "9"]
[SourceTitle "Ajedrez en Madrid"]
[Source "lmi"]
[SourceDate "2022.12.03"]
[SourceVersion "1"]
[SourceVersionDate "2022.12.10"]
[SourceQuality "1"]
[TimeControl "90+30"]
[WhiteClock "0:00:38"]
[BlackClock "0:00:50"]

1. d4 d5 2. c4 e6 3. Nc3 Nf6 4. cxd5 exd5 5. Bg5 c6 6. e3 Nbd7 7. Bd3 Be7 8. Nge2 O-O 9. Qc2 Re8 10. O-O Nf8 11. f3 Ng6 12. Rad1 Be6 13. h3 Rc8 14. Kh1 Qc7 15. f4 Bd7 16. f5 Nf8 17. g4 h6 18. Bf4 Bd6 19. Ng1 Bxf4 20. exf4 c5 21. Qf2 Ne4 22. Bxe4 dxe4 23. d5 e3 24. Qf3 b5 25. Rfe1 b4 26. Ne4 Qa5 27. Nd6 Qxa2 28. Nxe8 Rxe8 29. Rxe3 Qxb2 30. Rxe8 Bxe8 31. Qe3 Ba4 32. Rd2 Qc1 33. Kh2 c4 34. Ne2 Qe1 35. g5 hxg5 36. fxg5 c3 37. Rd3 c2 38. g6 fxg6 39. fxg6 Nxg6 40. Qe6+ Kh7 41. Rg3 Qxe2+ 42. Qxe2 c1=Q 43. Qh5+ Qh6 44. Qf5 b3 45. d6 b2 46. h4 Bd7 47. Qe4 Bc6 48. Qc2 Bd7 49. Kg2 Qh5 50. Rg5 Qh6 51. Rg3 1/2-1/2

[Event "Torneo Benidorm Gran Hotel Bali 2022"]
[Site "Benidorm, Spain"]
[Date "2022.12.06"]
[Round "5.11"]
[White "Raghav, Srivathsav V"]
[Black "Bendayan Claros, Aaron"]
[Result "1-0"]
[ECO "A01"]
[WhiteElo "2059"]
[BlackElo "2232"]
[PlyCount "55"]
[EventDate "2022.12.03"]
[EventType "swiss"]
[EventRounds "9"]
[SourceTitle "Ajedrez en Madrid"]
[Source "lmi"]
[SourceDate "2022.12.03"]
[SourceVersion "1"]
[SourceVersionDate "2022.12.10"]
[SourceQuality "1"]
[TimeControl "90+30"]
[WhiteClock "0:55:55"]
[BlackClock "0:08:52"]

1. b3 d5 2. Bb2 Nf6 3. g3 e6 4. Bg2 Be7 5. e3 O-O 6. Ne2 b6 7. O-O Bb7 8. f4 Nbd7 9. h3 c5 10. d3 Qc7 11. Nd2 e5 12. g4 exf4 13. Nxf4 h6 14. h4 Nh7 15. Qe1 d4 16. Bxb7 Qxb7 17. exd4 Bf6 18. Ne4 Bxd4+ 19. Bxd4 cxd4 20. Qf2 Ne5 21. Qxd4 Nxg4 22. Nh5 f5 23. Nd6 Qc7 24. Qd5+ Kh8 25. Nf4 Nhf6 26. Ng6+ Kh7 27. Qxf5 Rfd8 28. Ne7+ 1-0

[Event "Torneo Benidorm Gran Hotel Bali 2022"]
[Site "Benidorm, Spain"]
[Date "2022.12.06"]
[Round "5.12"]
[White "Kovacevic, Slobodan"]
[Black "Oroz Carrasco, Adrian"]
[Result "1-0"]
[ECO "A47"]
[WhiteElo "2224"]
[BlackElo "2011"]
[PlyCount "131"]
[EventDate "2022.12.03"]
[EventType "swiss"]
[EventRounds "9"]
[SourceTitle "Ajedrez en Madrid"]
[Source "lmi"]
[SourceDate "2022.12.03"]
[SourceVersion "1"]
[SourceVersionDate "2022.12.10"]
[SourceQuality "1"]
[TimeControl "90+30"]
[WhiteClock "0:03:28"]
[BlackClock "0:37:10"]

1. d4 Nf6 2. Nf3 b6 3. Bf4 e6 4. Nbd2 Bb7 5. e3 Be7 6. h3 Ne4 7. Nxe4 Bxe4 8. Be2 O-O 9. O-O d6 10. a4 Nd7 11. b4 e5 12. Bh2 exd4 13. exd4 d5 14. c3 Bd6 15. Bxd6 cxd6 16. Qb3 Re8 17. Rfe1 Rc8 18. Rac1 h6 19. Qb2 Qc7 20. Nd2 Bf5 21. Nf1 Nf6 22. Ne3 Be4 23. Qa2 Qb7 24. Bd1 Bf5 25. Bf3 Be4 26. Be2 Re7 27. Qd2 Rec7 28. Bd1 Bg6 29. f3 Nh5 30. Nf1 Qa6 31. g4 Nf6 32. Re3 Kf8 33. Bb3 Re8 34. Rxe8+ Kxe8 35. Ne3 Re7 36. Kf2 Kf8 37. Qd1 Qb7 38. Qe2 Rc7 39. Qd2 Kg8 40. Re1 Qc8 41. Nd1 Kf8 42. Kg3 Kg8 43. Re3 Qa6 44. Kg2 Qc8 45. Qe2 Qb7 46. h4 Rd7 47. Qe1 h5 48. g5 Nh7 49. Re8+ Nf8 50. Ne3 Re7 51. Bxd5 Qd7 52. Rxe7 Qxe7 53. Kf2 Qd7 54. Bb3 Ne6 55. Ng2 Bf5 56. Qe2 Bh3 57. d5 Nf8 58. Nf4 Qf5 59. Kg3 Qb1 60. Bc2 Qf1 61. Qxf1 Bxf1 62. Nxh5 Bc4 63. Nf4 Nd7 64. h5 a5 65. Kf2 Nb8 66. Bd3 1-0

[Event "Torneo Benidorm Gran Hotel Bali 2022"]
[Site "Benidorm, Spain"]
[Date "2022.12.06"]
[Round "5.13"]
[White "Rodriguez Lopez, Rafael"]
[Black "Lung, Liviu-Catalin"]
[Result "1-0"]
[ECO "B30"]
[WhiteElo "2189"]
[BlackElo "2011"]
[PlyCount "117"]
[EventDate "2022.12.03"]
[EventType "swiss"]
[EventRounds "9"]
[SourceTitle "Ajedrez en Madrid"]
[Source "lmi"]
[SourceDate "2022.12.03"]
[SourceVersion "1"]
[SourceVersionDate "2022.12.10"]
[SourceQuality "1"]
[TimeControl "90+30"]
[WhiteClock "0:43:34"]
[BlackClock "0:10:42"]

1. e4 c5 2. Nf3 Nc6 3. Bb5 Nf6 4. Nc3 Nd4 5. e5 Nxb5 6. Nxb5 Nd5 7. Ng5 h6 8. Nxf7 Kxf7 9. Qf3+ Nf6 10. exf6 exf6 11. Qd5+ Kg6 12. O-O d6 13. d4 Bf5 14. c4 Qd7 15. Re1 Qc6 16. Bf4 Qxd5 17. cxd5 a6 18. Nxd6 Bxd6 19. Bxd6 cxd4 20. Be7 Bc2 21. Re2 d3 22. Rd2 Rhe8 23. d6 Kf7 24. Re1 Rad8 25. Re3 Rd7 26. Kf1 Rc8 27. Ke1 Re8 28. Kf1 Rc8 29. f4 Rc4 30. g3 Rb4 31. b3 a5 32. Kf2 a4 33. bxa4 Rxa4 34. Kf3 b5 35. g4 g5 36. f5 Rf4+ 37. Kg3 Rd4 38. Re6 Ra4 39. Rxf6+ Kg7 40. Rf8 Rf4 41. f6+ Kg6 42. Rb8 b4 43. Rc8 Kf7 44. h4 Rf1 45. hxg5 hxg5 46. Rc5 Rxf6 47. Bxf6 Kxf6 48. Rf5+ Ke6 49. Rxg5 Rxd6 50. Rg6+ Ke5 51. Rxd6 Kxd6 52. Kf4 Ke6 53. Ke3 b3 54. axb3 Bxb3 55. Rxd3 Ba2 56. Kf4 Kf6 57. Rd6+ Kg7 58. Kg5 Kh8 59. Kh6 1-0

[Event "Torneo Benidorm Gran Hotel Bali 2022"]
[Site "Benidorm, Spain"]
[Date "2022.12.07"]
[Round "6.1"]
[White "Aguilera Lopez, Alejandro"]
[Black "Md, Imran"]
[Result "0-1"]
[ECO "E12"]
[WhiteElo "2184"]
[BlackElo "2279"]
[PlyCount "94"]
[EventDate "2022.12.03"]
[EventType "swiss"]
[EventRounds "9"]
[SourceTitle "Ajedrez en Madrid"]
[Source "lmi"]
[SourceDate "2022.12.03"]
[SourceVersion "1"]
[SourceVersionDate "2022.12.10"]
[SourceQuality "1"]
[TimeControl "90+30"]
[WhiteClock "0:07:24"]
[BlackClock "0:19:43"]

1. Nf3 Nf6 2. c4 b6 3. Nc3 Bb7 4. d4 e6 5. Bg5 Bxf3 6. gxf3 h6 7. Bh4 Be7 8. Bxf6 Bxf6 9. f4 c5 10. d5 exd5 11. Qxd5 Nc6 12. Qe4+ Qe7 13. Qxe7+ Nxe7 14. Nb5 O-O 15. O-O-O a6 16. Nd6 Bh4 17. Ne4 Ra7 18. Ng3 b5 19. e3 Rd8 20. cxb5 axb5 21. Bxb5 Rxa2 22. Kb1 Rda8 23. e4 d5 24. e5 R2a5 25. Bd7 R8a7 26. e6 f5 27. Rhe1 g6 28. Kc2 Bf6 29. Ne2 Rb7 30. Rb1 Rb4 31. Red1 Rc4+ 32. Kd3 Rb4 33. Kc2 Rc4+ 34. Kd3 g5 35. fxg5 hxg5 36. f4 gxf4 37. Rf1 Ng6 38. Rg1 Kh7 39. Rxg6 Kxg6 40. Rf1 Kh6 41. Nxf4 Re4 42. Bc6 c4+ 43. Kc2 Bg5 44. Bxd5 Rxf4 45. e7 Bxe7 46. Rxf4 Rxd5 47. Rxc4 Kg5 0-1

[Event "Torneo Benidorm Gran Hotel Bali 2022"]
[Site "Benidorm, Spain"]
[Date "2022.12.07"]
[Round "6.2"]
[White "Valdepenas Octavio, Javier"]
[Black "Korneev, Oleg"]
[Result "1/2-1/2"]
[ECO "C78"]
[WhiteElo "2216"]
[BlackElo "2481"]
[PlyCount "105"]
[EventDate "2022.12.03"]
[EventType "swiss"]
[EventRounds "9"]
[SourceTitle "Ajedrez en Madrid"]
[Source "lmi"]
[SourceDate "2022.12.03"]
[SourceVersion "1"]
[SourceVersionDate "2022.12.10"]
[SourceQuality "1"]
[TimeControl "90+30"]
[WhiteClock "0:03:36"]
[BlackClock "0:10:32"]

1. e4 e5 2. Nf3 Nc6 3. Bb5 a6 4. Ba4 Nf6 5. O-O Bc5 6. Nxe5 Nxe5 7. d4 b5 8. Bb3 Bxd4 9. Qxd4 d6 10. c3 O-O 11. f3 c5 12. Qd1 Bb7 13. Bg5 h6 14. Bh4 Ng6 15. Bg3 d5 16. e5 Nh5 17. f4 Nxg3 18. hxg3 f6 19. Bc2 Ne7 20. exf6 Rxf6 21. Nd2 Nf5 22. Bxf5 Rxf5 23. Nf3 d4 24. cxd4 Bxf3 25. Rxf3 Rd5 26. Qe2 Rxd4 27. Qe6+ Kh8 28. f5 Qd6 29. Re1 Rf8 30. b3 c4 31. bxc4 bxc4 32. Qxd6 Rxd6 33. Rc1 Rd4 34. Rf4 Rxf4 35. gxf4 Rc8 36. Rc3 Kg8 37. Kf2 Kf7 38. Ke3 Kf6 39. g4 h5 40. gxh5 Kxf5 41. Kd2 Kxf4 42. Ra3 Rd8+ 43. Kc2 Rd5 44. Rxa6 Rxh5 45. Rg6 Rh7 46. Kc3 Kf5 47. Rg1 g5 48. Kxc4 Ra7 49. Kb3 g4 50. a4 Kf4 51. Kb4 Rb7+ 52. Kc5 Rc7+ 53. Kb6 1/2-1/2

[Event "Torneo Benidorm Gran Hotel Bali 2022"]
[Site "Benidorm, Spain"]
[Date "2022.12.07"]
[Round "6.3"]
[White "Davtyan, David Arm."]
[Black "Rodriguez Redondo, Adhara"]
[Result "1-0"]
[ECO "D37"]
[WhiteElo "2329"]
[BlackElo "2057"]
[PlyCount "85"]
[EventDate "2022.12.03"]
[EventType "swiss"]
[EventRounds "9"]
[SourceTitle "Ajedrez en Madrid"]
[Source "lmi"]
[SourceDate "2022.12.03"]
[SourceVersion "1"]
[SourceVersionDate "2022.12.10"]
[SourceQuality "1"]
[TimeControl "90+30"]
[WhiteClock "0:22:30"]
[BlackClock "0:00:33"]

1. d4 d5 2. c4 e6 3. Nc3 Be7 4. Nf3 Nf6 5. Bf4 O-O 6. e3 b6 7. Bd3 Bb7 8. cxd5 Nxd5 9. Nxd5 Qxd5 10. Bxc7 Qa5+ 11. Kf1 Na6 12. Bg3 Nb4 13. Bb1 Rac8 14. Kg1 f5 15. h4 Nd5 16. Ng5 Bxg5 17. hxg5 Qb4 18. Qe2 Rc1+ 19. Kh2 Rxh1+ 20. Kxh1 Ba6 21. a3 Bxe2 22. axb4 Rc8 23. Ba2 a6 24. f3 Kf7 25. e4 Nxb4 26. Bb3 Bc4 27. Ba4 Bd3 28. exf5 Bxf5 29. Bd6 a5 30. Bxb4 axb4 31. Bb3 Rd8 32. Rd1 Ke7 33. g4 Bg6 34. Kg2 Rd6 35. Kf2 Kd7 36. Ke3 Kc6 37. Rc1+ Kb7 38. f4 Be8 39. Ke4 Bc6+ 40. Ke5 Rd8 41. Bxe6 Re8 42. d5 Bd7 43. f5 1-0

[Event "Torneo Benidorm Gran Hotel Bali 2022"]
[Site "Benidorm, Spain"]
[Date "2022.12.07"]
[Round "6.4"]
[White "Remolar Gallen, Jose"]
[Black "Mingarro Carceller, Sergi"]
[Result "1/2-1/2"]
[ECO "E46"]
[WhiteElo "2305"]
[BlackElo "2330"]
[PlyCount "50"]
[EventDate "2022.12.03"]
[EventType "swiss"]
[EventRounds "9"]
[SourceTitle "Ajedrez en Madrid"]
[Source "lmi"]
[SourceDate "2022.12.03"]
[SourceVersion "1"]
[SourceVersionDate "2022.12.10"]
[SourceQuality "1"]
[TimeControl "90+30"]
[WhiteClock "0:32:48"]
[BlackClock "0:22:07"]

1. d4 Nf6 2. c4 e6 3. Nc3 Bb4 4. e3 O-O 5. Nge2 c6 6. a3 Ba5 7. d5 cxd5 8. b4 Bc7 9. cxd5 exd5 10. Bb2 Re8 11. Nxd5 Be5 12. Bxe5 Rxe5 13. Nef4 Nxd5 14. Nxd5 d6 15. Bc4 Be6 16. Rc1 Nc6 17. O-O Qh4 18. Nf4 Bxc4 19. Rxc4 d5 20. Rc5 Rd8 21. b5 d4 22. Qc1 Qe7 23. Rxe5 Nxe5 24. exd4 Rxd4 25. Re1 g6 1/2-1/2

[Event "Torneo Benidorm Gran Hotel Bali 2022"]
[Site "Benidorm, Spain"]
[Date "2022.12.07"]
[Round "6.6"]
[White "Tscharotschkin, Michael"]
[Black "Granero Roca, Antonio"]
[Result "1/2-1/2"]
[ECO "C44"]
[WhiteElo "2137"]
[BlackElo "2345"]
[PlyCount "103"]
[EventDate "2022.12.03"]
[EventType "swiss"]
[EventRounds "9"]
[SourceTitle "Ajedrez en Madrid"]
[Source "lmi"]
[SourceDate "2022.12.03"]
[SourceVersion "1"]
[SourceVersionDate "2022.12.10"]
[SourceQuality "1"]
[TimeControl "90+30"]
[WhiteClock "0:04:18"]
[BlackClock "0:18:20"]

1. e4 e5 2. Nf3 Nc6 3. c3 Nf6 4. d4 exd4 5. e5 Nd5 6. cxd4 Bb4+ 7. Bd2 Bxd2+ 8. Nbxd2 d6 9. Bb5 O-O 10. O-O Nce7 11. Ne4 Ng6 12. exd6 cxd6 13. g3 a6 14. Ba4 Bg4 15. Qd3 Nb4 16. Qa3 a5 17. Rfc1 d5 18. Ned2 Rc8 19. Qb3 Bf5 20. Rxc8 Qxc8 21. Ne1 Qe6 22. a3 Nc6 23. Nef3 Qf6 24. Bxc6 bxc6 25. Re1 h5 26. Qc3 Rb8 27. Ne5 Nxe5 28. Rxe5 a4 29. Re1 c5 30. dxc5 d4 31. Qc1 Qc6 32. Qc4 d3 33. Qf4 Rxb2 34. Qxf5 Rxd2 35. Rb1 Qg6 36. Qxg6 fxg6 37. Kf1 Kf7 38. Rb4 Ke6 39. Rxa4 Kd5 40. Ra7 Kc6 41. Ke1 Re2+ 42. Kd1 Rxf2 43. Rxg7 Rxh2 44. Rxg6+ Kxc5 45. a4 Kd4 46. a5 Ra2 47. Rg5 Ke3 48. Re5+ Kf3 49. Rxh5 Kxg3 50. Rd5 Kf4 51. Rxd3 Rxa5 52. Ke2 1/2-1/2

[Event "Torneo Benidorm Gran Hotel Bali 2022"]
[Site "Benidorm, Spain"]
[Date "2022.12.07"]
[Round "6.7"]
[White "Luque Saiz, Andres"]
[Black "Raghav, Srivathsav V"]
[Result "1-0"]
[ECO "B01"]
[WhiteElo "2286"]
[BlackElo "2059"]
[PlyCount "121"]
[EventDate "2022.12.03"]
[EventType "swiss"]
[EventRounds "9"]
[SourceTitle "Ajedrez en Madrid"]
[Source "lmi"]
[SourceDate "2022.12.03"]
[SourceVersion "1"]
[SourceVersionDate "2022.12.10"]
[SourceQuality "1"]
[TimeControl "90+30"]
[WhiteClock "0:01:00"]
[BlackClock "0:50:44"]

1. e4 d5 2. exd5 Qxd5 3. Nc3 Qd6 4. d4 Nf6 5. Nb5 Qb6 6. Na3 c6 7. Nc4 Qc7 8. Nf3 Bg4 9. Nce5 Bxf3 10. Qxf3 e6 11. c3 Nbd7 12. Nc4 Nd5 13. Bd3 N7f6 14. O-O h5 15. Re1 O-O-O 16. a4 h4 17. Bd2 Rh5 18. Re5 g6 19. b4 Bd6 20. Nxd6+ Qxd6 21. Rxh5 Nxh5 22. Qxf7 Ndf4 23. Bxf4 Nxf4 24. Bf1 Rf8 25. Qg7 Nd5 26. Qxg6 Nxc3 27. Re1 Qxd4 28. Qxe6+ Kb8 29. Qe5+ Qxe5 30. Rxe5 Nxa4 31. Re4 Rh8 32. f4 Nc3 33. Rc4 Nd5 34. Kf2 Kc7 35. Re4 Kb6 36. Rc4 Kc7 37. Re4 Kb6 38. Kf3 a5 39. bxa5+ Kxa5 40. Bc4 Nc3 41. Re3 Kb4 42. Be6 c5 43. f5 Rf8 44. g4 hxg3 45. hxg3 c4 46. g4 Nb1 47. g5 c3 48. g6 Rd8 49. Re1 Rf8 50. Re3 Rd8 51. Re1 c2 52. Rc1 Kc3 53. f6 Nd2+ 54. Kf4 Rd4+ 55. Kf5 Nf3 56. f7 Nh4+ 57. Kg5 Nf3+ 58. Kf6 Rf4+ 59. Bf5 Nd4 60. Rxc2+ Kb4 61. f8=Q+ 1-0

[Event "Torneo Benidorm Gran Hotel Bali 2022"]
[Site "Benidorm, Spain"]
[Date "2022.12.07"]
[Round "6.8"]
[White "Aditya, Varun Gampa"]
[Black "Van Herck, Marcel"]
[Result "1-0"]
[ECO "B12"]
[WhiteElo "2249"]
[BlackElo "2008"]
[PlyCount "34"]
[EventDate "2022.12.03"]
[EventType "swiss"]
[EventRounds "9"]
[SourceTitle "Ajedrez en Madrid"]
[Source "lmi"]
[SourceDate "2022.12.03"]
[SourceVersion "1"]
[SourceVersionDate "2022.12.10"]
[SourceQuality "1"]
[TimeControl "90+30"]
[WhiteClock "0:55:26"]
[BlackClock "0:43:14"]

1. e4 c6 2. d4 d5 3. e5 c5 4. Nf3 Bg4 5. dxc5 e6 6. Be3 Qc7 7. c4 dxc4 8. Bxc4 Bxc5 9. Bb5+ Ke7 10. Qc1 Bb4+ 11. Nbd2 Qxc1+ 12. Rxc1 Nc6 13. O-O Bxd2 14. Nxd2 Nxe5 15. Rc7+ Kd6 16. Rxb7 a6 17. Ba4 Be2 1-0

[Event "Torneo Benidorm Gran Hotel Bali 2022"]
[Site "Benidorm, Spain"]
[Date "2022.12.07"]
[Round "6.9"]
[White "Hristodorescu, Daniel"]
[Black "Kovacevic, Slobodan"]
[Result "0-1"]
[ECO "B30"]
[WhiteElo "2108"]
[BlackElo "2224"]
[PlyCount "60"]
[EventDate "2022.12.03"]
[EventType "swiss"]
[EventRounds "9"]
[SourceTitle "Ajedrez en Madrid"]
[Source "lmi"]
[SourceDate "2022.12.03"]
[SourceVersion "1"]
[SourceVersionDate "2022.12.10"]
[SourceQuality "1"]
[TimeControl "90+30"]
[WhiteClock "0:37:36"]
[BlackClock "0:04:47"]

1. e4 c5 2. Nf3 e6 3. c3 Nc6 4. Bb5 Qb6 5. Ba4 d5 6. exd5 exd5 7. O-O Bd6 8. d4 Nge7 9. dxc5 Bxc5 10. b4 Bd6 11. c4 Qd8 12. c5 Bb8 13. b5 Ne5 14. Bb2 Bg4 15. Nbd2 O-O 16. h3 Bh5 17. Bc2 Nxf3+ 18. Nxf3 Bg6 19. Qd4 f6 20. Bb3 Bf7 21. Rfe1 Qd7 22. a4 a6 23. Qb4 axb5 24. axb5 Rxa1 25. Bxa1 Ng6 26. Ba4 Nf4 27. Re3 Qf5 28. Nd4 Qg5 29. Rg3 Nxh3+ 30. gxh3 Bxg3 0-1

[Event "Torneo Benidorm Gran Hotel Bali 2022"]
[Site "Benidorm, Spain"]
[Date "2022.12.07"]
[Round "6.10"]
[White "Chia, Yu Zhe Ashton"]
[Black "Rodriguez Lopez, Rafael"]
[Result "1-0"]
[ECO "C45"]
[WhiteElo "1970"]
[BlackElo "2189"]
[PlyCount "61"]
[EventDate "2022.12.03"]
[EventType "swiss"]
[EventRounds "9"]
[SourceTitle "Ajedrez en Madrid"]
[Source "lmi"]
[SourceDate "2022.12.03"]
[SourceVersion "1"]
[SourceVersionDate "2022.12.10"]
[SourceQuality "1"]
[TimeControl "90+30"]
[WhiteClock "0:19:15"]
[BlackClock "1:10:19"]

1. e4 e5 2. d4 exd4 3. Nf3 Nc6 4. Nxd4 Nf6 5. Nxc6 bxc6 6. Nd2 Bc5 7. Bd3 O-O 8. Nb3 Bb6 9. c4 d6 10. Qc2 Nd7 11. Bf4 a5 12. a4 Re8 13. O-O-O Qf6 14. Bg3 Rb8 15. f4 Be3+ 16. Kb1 Bxf4 17. Rhf1 g5 18. h4 Qe5 19. Bxf4 gxf4 20. g3 fxg3 21. Rf5 Qe7 22. Nxa5 Rb6 23. Rg1 Ne5 24. Rxg3+ Kh8 25. Rf1 Bg4 26. c5 Rb4 27. Rxg4 Nxg4 28. Nxc6 Qxh4 29. Nxb4 f6 30. cxd6 cxd6 31. Nd5 1-0

[Event "Torneo Benidorm Gran Hotel Bali 2022"]
[Site "Benidorm, Spain"]
[Date "2022.12.07"]
[Round "6.11"]
[White "Yuste Valenzuela, Alejandro"]
[Black "Pallardo Lozoya, Jose Vicente"]
[Result "1/2-1/2"]
[ECO "B70"]
[WhiteElo "2089"]
[BlackElo "2367"]
[PlyCount "85"]
[EventDate "2022.12.03"]
[EventType "swiss"]
[EventRounds "9"]
[SourceTitle "Ajedrez en Madrid"]
[Source "lmi"]
[SourceDate "2022.12.03"]
[SourceVersion "1"]
[SourceVersionDate "2022.12.10"]
[SourceQuality "1"]
[TimeControl "90+30"]
[WhiteClock "0:07:22"]
[BlackClock "0:00:45"]

1. e4 c5 2. Nf3 Nc6 3. d4 cxd4 4. Nxd4 Nf6 5. Nc3 d6 6. g3 g6 7. Nde2 Bg7 8. Bg2 Bd7 9. h3 Rc8 10. O-O Qa5 11. Nd5 Nxd5 12. exd5 Ne5 13. Bd2 Qc5 14. Bc3 O-O 15. Rc1 Bb5 16. Re1 Rc7 17. Nd4 Bc4 18. Nb3 Bxb3 19. axb3 Bf6 20. Qd2 Nd7 21. Bb4 Bg5 22. Qxg5 Qxb4 23. Qxe7 Rfc8 24. Qe4 Qxe4 25. Bxe4 Nc5 26. b4 Nxe4 27. Rxe4 Rxc2 28. Rxc2 Rxc2 29. Re7 Rxb2 30. Rxb7 a5 31. Ra7 axb4 32. Ra6 Kf8 33. Rxd6 Ke7 34. Rb6 b3 35. h4 h5 36. Kg2 Rb1 37. Kf3 Kd7 38. d6 f6 39. Kg2 g5 40. hxg5 fxg5 41. Kh2 Ke6 42. Kg2 Kd7 43. Kh2 1/2-1/2

[Event "Torneo Benidorm Gran Hotel Bali 2022"]
[Site "Benidorm, Spain"]
[Date "2022.12.07"]
[Round "6.12"]
[White "Schaffert, Walter"]
[Black "Shaik, Sumer Arsh"]
[Result "0-1"]
[ECO "C55"]
[WhiteElo "2037"]
[BlackElo "2290"]
[PlyCount "80"]
[EventDate "2022.12.03"]
[EventType "swiss"]
[EventRounds "9"]
[SourceTitle "Ajedrez en Madrid"]
[Source "lmi"]
[SourceDate "2022.12.03"]
[SourceVersion "1"]
[SourceVersionDate "2022.12.10"]
[SourceQuality "1"]
[TimeControl "90+30"]
[WhiteClock "0:01:50"]
[BlackClock "0:06:18"]

1. e4 e5 2. Nf3 Nc6 3. Bc4 Nf6 4. d3 h6 5. c3 d6 6. O-O g6 7. Re1 Bg7 8. Nbd2 O-O 9. Nf1 d5 10. exd5 Nxd5 11. a4 a5 12. Ng3 Nb6 13. Bb5 Ne7 14. d4 c6 15. Bf1 exd4 16. Nxd4 Ned5 17. h3 Qc7 18. Qf3 Nd7 19. Ne4 Ne5 20. Qg3 f5 21. Nc5 f4 22. Qh2 Qf7 23. Nd3 Nxd3 24. Bxd3 Bxd4 25. cxd4 Nb4 26. Be4 g5 27. Bd2 Bf5 28. h4 Bxe4 29. Rxe4 Qg6 30. Rae1 Nd3 31. R1e2 g4 32. h5 Qf6 33. Re6 g3 34. Qh3 Nxf2 35. Rxf2 gxf2+ 36. Kf1 Qf5 37. Rg6+ Kh7 38. Qb3 Rf7 39. g3 Qh3+ 40. Kxf2 fxg3+ 0-1

[Event "Torneo Benidorm Gran Hotel Bali 2022"]
[Site "Benidorm, Spain"]
[Date "2022.12.07"]
[Round "6.13"]
[White "Oswaldo Valentin, Requejo Cotrin"]
[Black "Galvan Cipriani, Viviana"]
[Result "1/2-1/2"]
[ECO "B22"]
[WhiteElo "2248"]
[BlackElo "2088"]
[PlyCount "106"]
[EventDate "2022.12.03"]
[EventType "swiss"]
[EventRounds "9"]
[SourceTitle "Ajedrez en Madrid"]
[Source "lmi"]
[SourceDate "2022.12.03"]
[SourceVersion "1"]
[SourceVersionDate "2022.12.10"]
[SourceQuality "1"]
[TimeControl "90+30"]
[WhiteClock "0:00:42"]
[BlackClock "0:03:55"]

1. e4 c5 2. d4 cxd4 3. c3 Nf6 4. e5 Nd5 5. Nf3 Nc6 6. Bc4 Nb6 7. Bb3 d5 8. exd6 Qxd6 9. Na3 dxc3 10. Qe2 g6 11. Nb5 Qb8 12. Ng5 e6 13. Ne4 Be7 14. Bh6 f5 15. Bg7 Rg8 16. Nf6+ Bxf6 17. Bxf6 Kf7 18. Bxc3 a6 19. Nd4 Nd5 20. Bxd5 exd5 21. O-O Bd7 22. Qd2 g5 23. Nxc6 bxc6 24. Qd4 Qd6 25. Bb4 Qf6 26. Qc5 Rge8 27. Bc3 Qg6 28. Rfe1 g4 29. Be5 Re6 30. Qb6 Qg8 31. Bc3 Re4 32. Qc7 Qd8 33. Qd6 Qe7 34. Qh6 Kg8 35. f3 Rxe1+ 36. Rxe1 Qf7 37. Qg5+ Qg6 38. Qe7 gxf3 39. g3 d4 40. Qxd7 dxc3 41. bxc3 f4 42. g4 Qc2 43. Qe6+ Kg7 44. Qe5+ Kg8 45. Qe6+ Kg7 46. Qd7+ Kg8 47. Qe6+ Kg7 48. Qe5+ Kg8 49. Qg5+ Kh8 50. Qf6+ Kg8 51. Qe6+ Kg7 52. Qd7+ Kg8 53. Qe6+ Kg7 1/2-1/2